 Dungeon Crawl Stone Soup version 0.30.1-4-g462c640d31 (webtiles) character file.

Game seed: 15040196068418424654

105 MrPagan1517 the Trooper (level 4, 0/42 HPs)
             Began as a Minotaur Berserker on Aug 21, 2023.
             Was a Believer of Trog.
             Slain by a gnoll
             ... wielding a +0 spear
              (6 damage)
             ... on level 2 of the Dungeon.
             The game lasted 00:05:15 (2340 turns).

MrPagan1517 the Trooper (Minotaur Berserker)        Turns: 2340, Time: 00:05:16

Health: 0/42       AC:  3    Str: 23    XL:     4   Next: 53%
Magic:  3/3        EV: 12    Int:  4    God:    Trog [**....]
Gold:   128        SH:  0    Dex: 10    Spells: 3/3 levels left

rFire   . . .        a - +0 mace
rCold   . . .        (no shield)
rNeg    . . .        b - +0 animal skin
rPois   .            (helmet restricted)
rElec   .            n - scarf {+Inv}
rCorr   +            f - +0 pair of gloves
SInv    .            (no boots)
Will    .....        (no amulet)
Stlth   +            c - ring of resist corrosion
HPRegen 0.27/turn    (no ring)
MPRegen 0.08/turn

%: no passive effects
@: no status effects
A: horns 2, retaliatory headbutt
a: Renounce Religion, Evoke Invisibility, Berserk, Trog's Hand


You were on level 2 of the Dungeon.
You worshipped Trog.
Trog was pleased with you.
You visited 1 branch of the dungeon, and saw 2 of its levels.

You collected 128 gold pieces.

Inventory:

Hand Weapons
 a - a +0 mace (weapon)
Missiles
 h - a throwing net (quivered)
Armour
 b - a +0 animal skin (worn)
 f - a +0 pair of gloves (worn)
 j - a +0 cloak
 n - a scarf of invisibility (worn)
Jewellery
 c - a ring of resist corrosion (left hand)
 g - a ring of magical power
Scrolls
 e - a scroll of enchant weapon {unknown}
 m - 2 scrolls of teleportation
 o - a scroll of blinking
Potions
 d - 2 potions of curing {unknown}
 i - a potion of heal wounds
 k - a potion of degeneration {unknown}
 l - a potion of haste {unknown}


   Skills:
 * Level 5.0 Fighting
 + Level 5.0 Maces & Flails
 + Level 2.7 Armour
 + Level 2.6 Dodging


You had 3 spell levels left.
You didn't know any spells.
Your spell library was empty.

Dungeon Overview and Level Annotations

Branches:
Dungeon (2/15)

Altars:

Shops:
D:1 :   D:2 !


Innate Abilities, Weirdness & Mutations

You have a pair of horns on your head.
You reflexively headbutt those who attack you in melee.


Message History

You see here a +0 pair of gloves.
Found a spear.
No target in view!
You see here a +0 spear.
A gnoll comes into view. It is wielding a +0 halberd.
The gnoll shouts!
You hear a shout!
A gnoll is nearby!
The gnoll barely misses you.
A gnoll comes into view. It is wielding a +0 spear.
You hit the gnoll but do no damage. The gnoll hits you with a +0 halberd!
You hit the gnoll but do no damage. The gnoll misses you.
The gnoll completely misses you. The gnoll barely misses you.
You hit the gnoll. Your headbutt misses the gnoll.
The gnoll is moderately wounded.
The gnoll hits you with a +0 halberd!
The gnoll hits you from afar with a +0 spear.
You are too injured to fight recklessly!
You are too injured to fight recklessly!
You are too injured to fight recklessly!
You are too injured to fight recklessly!
You are too injured to fight recklessly!
You are too injured to fight recklessly!
You are too injured to fight recklessly!
You are too injured to fight recklessly!
You are too injured to fight recklessly!
You are too injured to fight recklessly!
You are too injured to fight recklessly!
You are too injured to fight recklessly!
You are too injured to fight recklessly!
You are too injured to fight recklessly!
You are too injured to fight recklessly!
You are too injured to fight recklessly!
You are too injured to fight recklessly!
You are too injured to fight recklessly!
You hit the gnoll.
The gnoll is heavily wounded.
The gnoll hits you with a +0 halberd!
* * * LOW HITPOINT WARNING * * *
The gnoll hits you from afar with a +0 spear.
You die...

#############.###.#.........##
####### #...#.##
##.#######.... .)....#
#.#....###.>>######.###
#####.#
#.#####.#.#............ ###
#.# #.# ##>.#..######.###
..###.#####.# ##.#..# #.# #
............#######.#..# #.###
####..#####.............
....#.. #
#..#####.###.@g....### .#..#[.
# #..#...........g..##
#.#..#.. # #..#.###.###.###..#
##.#..#.. ####..#.#
#.###.###..# ##.....#..
......#.# #.##...##..#
#......##. ###...#.#
#.##...##..# #.........
..†...).#
#.##...##..###.....###.
###...###
#.##.####.....†........ ##.##
#.##.# #..####........


You could see 2 gnolls.

Vanquished Creatures
  A gnoll (D:2)
  5 adders (D:2)
  A worm (D:2)
  2 dart slugs (D:2)
  4 ball pythons
  2 bats (D:2)
  An endoplasm (D:1)
  3 giant cockroaches
  4 goblins
  5 hobgoblins (D:1)
  2 jackals (D:2)
  2 quokkas
  2 frilled lizards (D:1)
  7 kobolds
  3 rats (D:1)
44 creatures vanquished.

Notes
Turn   | Place    | Note
-------+----------+-------------------------------------------
     0 | D:1      | MrPagan1517 the Minotaur Berserker began the quest for the
                  | Orb.
     0 | D:1      | Reached XP level 1. HP: 19/19 MP: 0/0
   266 | D:1      | You fall into a shaft and drop 1 floor!
   278 | D:1      | Reached XP level 2. HP: 27/27 MP: 1/1
   307 | D:1      | Found Pidghaw's Book Shop.
  1416 | D:2      | Reached XP level 3. HP: 34/34 MP: 2/2
  1439 | D:2      | Found Jifuroim's Distillery.
  1541 | D:2      | Reached ** piety under Trog
  1915 | D:2      | Reached XP level 4. HP: 35/41 MP: 3/3
  2150 | D:2      | Reached skill level 5 in Fighting
  2150 | D:2      | Reached skill level 5 in Maces & Flails
  2340 | D:2      | Slain by a gnoll

Illustrated notes

Levels and vault maps discovered:
D:1:      matt_arrival_los_fun, layout_basic, serial_forest,
          infiniplex_forest_side_room, infiniplex_forest_straight_5,
          infiniplex_forest_corner_2, infiniplex_forest_lined_2,
          infiniplex_forest_join, infiniplex_forest_clump_C, serial_shops,
          nicolae_shop_tiny_statue_garden
D:2:      layout_loops_ring, serial_shops, shop

Skill      XL: |  1  2  3  4 |
---------------+-------------+-----
Maces & Flails | 4 5 |  5.0
Fighting       | 4 5 |  5.0
Armour         | |  2.7
Dodging        | |  2.6

Action                     |  1- 3 |  4- 6 || total
---------------------------+-------+-------++-------
  Melee: Mace              |   270 |    21 ||   291
         Headbutt          |    76 |       ||    76
         Punch             |     6 |       ||     6
    Use: Scroll            |     3 |       ||     3
 Armour: Animal skin       |    25 |     3 ||    28
  Dodge: Dodged            |    64 |    14 ||    78
